 Dungeon Crawl Stone Soup version 0.25-a0-502-g6516661a7a (console) character file.

Game seed: 3204825756795536191, levelgen mode: deterministic

54406 utis the Nimble (level 14, -14/90 HPs)
             Began as a Tengu Venom Mage on Feb 12, 2020.
             Demolished by a sun demon (22 damage)
             ... summoned by an orc high priest
             ... on level 2 of the Orcish Mines.
             The game lasted 02:02:30 (35077 turns).

utis the Nimble (Tengu Venom Mage)                 Turns: 35077, Time: 02:02:30

Health: -14/90     AC: 13    Str: 11    XL:     14   Next: 72%
Magic:  21/21      EV: 23    Int: 17    God:
Gold:   1496       SH:  5    Dex: 16    Spells: 8/21 levels left

rFire    + + .     SeeInvis .   a - +0 morningstar
rCold    + . .     Gourm    .   b - +0 buckler
rNeg     . . .     Faith    .   Q - +0 swamp dragon scales
rPois    +         Spirit   .   (helmet restricted)
rElec    .         Reflect  .   E - +2 cloak {rF+}
rCorr    .         Harm     .   p - +1 pair of gloves
MR       +....                  (boots unavailable)
Stlth    +.........             (no amulet)
HPRegen  0.25/turn              u - ring "Kydaarphe" {rF+ rC+}
MPRegen  0.17/turn              (no ring)

@: flying quickly and evasively, quick
A: beak, talons 3, able to fly
a: Stop Flying


You were on level 2 of the Orcish Mines.
You were not hungry.

You visited 3 branches of the dungeon, and saw 19 of its levels.
You also visited: Ice Cave and Volcano.

You collected 1496 gold pieces.

Inventory:

Hand Weapons
 a - a +0 morningstar (weapon)
 f - the +8 scimitar of Midnight {holy, +Fly rElec Dex+8 Stlth+}
   (You took it off a spriggan on level 5 of the Lair of Beasts)

   It has been blessed by the Shining One to cause great damage to the undead
   and demons.
   It affects your dexterity (+8).
   It insulates you from electricity.
   It lets you fly.
   It makes you more stealthy.
 n - a +2 arbalest of flaming
 w - the +4 mace of Thoughtfulness {flame, rElec rC+}
   (You found it on level 9 of the Dungeon)

   It has been specially enchanted to burn those struck by it, causing extra
   injury to most foes and up to half again as much damage against particularly
   susceptible opponents.
   It protects you from cold.
   It insulates you from electricity.
 X - a +2 dagger of draining
Missiles
 e - 2 silver javelins
 i - 9 boomerangs
 l - 38 stones (quivered)
 m - 2 throwing nets {=f}
 x - 10 curare-tipped darts {=f}
 C - 78 poisoned darts
 O - 10 javelins
Armour
 b - a +0 buckler (worn)
 p - a +1 pair of gloves (worn)
 E - a +2 cloak of fire resistance (worn)
 Q - +0 swamp dragon scales (worn)
Jewellery
 u - the ring "Kydaarphe" (left hand) {rF+ rC+}
   (You found it on level 2 of the Lair of Beasts)

   [ring of protection from cold]

   It protects you from fire.
   It protects you from cold.
 B - an uncursed ring of resist corrosion
 F - an uncursed ring of fire
 N - an uncursed ring of positive energy
Wands
 g - a wand of acid (2)
 s - a wand of clouds (12)
 A - a wand of polymorph (15)
 D - a wand of flame (14)
 H - a wand of disintegration (12) {@e1}
 J - a wand of paralysis (6)
 L - a wand of iceblast (10)
Scrolls
 d - a scroll of magic mapping
 o - 5 scrolls of amnesia
 q - 2 scrolls of blinking
 r - a scroll of enchant weapon
 v - 4 scrolls of fog
 y - 11 scrolls of remove curse {@r2}
 P - a scroll of silence {!r}
 V - 3 scrolls of identify {@r1}
Potions
 h - 8 potions of curing {@q1}
 j - a potion of heal wounds {@q2}
 t - 2 potions of berserk rage {unknown}
 z - a potion of brilliance
 R - a potion of resistance
Miscellaneous
 T - a phantom mirror
Comestibles
 c - 23 rations {@e1}
 k - 7 chunks of flesh


   Skills:
 + Level 11.1 Fighting
 * Level 13.0 Maces & Flails
 - Level 3.8 Armour
 - Level 13.9 Dodging
 - Level 2.0 Stealth
 - Level 4.0 Shields
 - Level 4.0 Spellcasting
 - Level 4.0 Conjurations
 - Level 0.7 Transmutations
 - Level 7.0 Air Magic
 - Level 10.0 Poison Magic
 + Level 6.5 Evocations


You had 8 spell levels left.
You knew the following spells:

 Your Spells              Type           Power        Failure   Level  Hunger
a - Sting                 Tmut/Pois      ###.         4%          1    None
p - Mephitic Cloud        Conj/Pois/Air  ####....     6%          3    ###....
W - Ignite Poison         Fire/Tmut/Pois ###.....     26%         3    ###....
X - Olgreb's Toxic Radia  Pois           #####...     6%          4    ####...
Y - Poisonous Vapours     Pois/Air       ####..       1%          2    ##.....

Your spell library contained the following spells:

 Spells                   Type           Power        Failure   Level  Hunger
 Magic Dart               Conj           ###.         7%          1    None
 Searing Ray              Conj           ###...       11%         2    ##.....
 Spider Form              Tmut/Pois      ###.......   12%         3    ###....
 Beastly Appendage        Tmut           #.....       26%         1    None
 Freeze                   Ice            #...         34%         1    None
 Sticks to Snakes         Tmut           #.......     38%         2    ##.....
 Dazzling Flash           Conj/Hex       ##....       43%         3    ###....
 Frozen Ramparts          Ice            #.....       71%         3    ###....
 Ozocubu's Armour         Chrm/Ice       #.......     71%         3    ###....
 Fulminant Prism          Conj/Hex       ##........   83%         4    ####...
 Hailstorm                Conj/Ice       ##......     83%         4    ####...
 Iskenderun's Mystic Bla  Conj/Tloc      ##......     83%         4    ####...
 Ice Form                 Ice/Tmut       #.......     97%         4    ####...
 Summon Ice Beast         Ice/Summ       #.......     98%         4    ####...
 Blade Hands              Tmut           #.........   100%        5    ######.


Dungeon Overview and Level Annotations

Branches:
Dungeon (11/15)            Temple (0/1) D:5            Lair (6/6) D:10
 Shoals (0/4) Lair:3       Spider (0/4) Lair:2        Slime (0/5) Lair:6
    Orc (2/2) D:11            Elf (0/3) Orc:2         IceCv (visited)
Volcano (visited)

Altars:
Ashenzari
Cheibriados
Dithmenos
Elyvilon
Fedhas
Kikubaaqudgha
Makhleb
Nemelex Xobeh
Okawaru
Qazlal
Trog
Uskayaw
Vehumet
Xom
Yredelemnul
Zin
The Shining One

Shops:
D:9 }   D:10 %

Annotations:
D:6 1 runed translucent door, sylvain5477's ghost, novice OpAs
D:10 Fannar
Lair:1 exclusion: 3 oklob plants


Innate Abilities, Weirdness & Mutations

You have a beak for a mouth.
You have claws for feet.
You can fly continuously.


Message History

An orc warrior comes into view. It is wielding a +0 flail.
The orc misses you. The warg bites you but does no damage.
The orc warrior completely misses you. The orc closely misses you.
The two-headed ogre barely misses you. The two-headed ogre misses you.
The orc hits you but does no damage. The warg barely misses you.
There is a stone staircase leading down, spattered with blood here.
Enter note: facepalm
Okay, then.
Unknown command.
The orc barely misses you.
The orc wizard hits you but does no damage.
The orc completely misses you. The orc warrior barely misses you.
The orc hits you but does no damage.
The two-headed ogre hits you with a +0 giant spiked club.
* * * LOW HITPOINT WARNING * * *
You block the two-headed ogre's attack. The warg barely misses you.
The orc wizard begins to cast a cantrip, but forgets the words!
You fly downwards.
The rust devil completely misses you. The sun demon hits you!!
You die...

░>...░.░░ ░░
░░░░.....░░░ ░.░
▒░..░..░.░..░░░ ░...
▒.....[░░.....░░.. ..
▒...[.░.......░.░ ...
▒..........)....░░....
▒....[[.))░.....o░..░
▒.[...[[..░░░o4O...░
▒░.░░[[...░░░OQ3...░
▒▒▒░..<).[...░░░ho...░░.
.)...)[.[.....[........░
....[...[....)[.....o...
....[..░░.[.......░.░...
.....░░░░░.......░░░░...
.......░░.........░ ..
)..░....░░..........
...░░...░░...........


You could see an orc high priest, 2 two-headed ogres, a sun demon, a rust devil,
a warg, an orc wizard and 2 orcs.

Vanquished Creatures
  Rupert (Lair:4)
  An orc warlord (Orc:2)
  An ettin (Orc:1)
  3 hydras
  A catoblepas (Lair:2)
  An ogre mage (Volcano)
  7 two-headed ogres
  A death yak (Lair:5)
  A hell knight (Volcano)
  Sonja (Lair:5)
  Nergalle (Lair:1)
  An ugly thing (D:10)
  An orc knight (D:11)
  4 orc sorcerers
  A cyclops (D:11)
  A manticore (D:11)
  3 elephants (Lair:4)
  5 black mambas
  2 gargoyles (D:11)
  11 spiny frogs
  Maggie (D:8)
  3 rime drakes
  A komodo dragon (Lair:1)
  6 trolls
  2 jumping spiders (Lair:2)
  5 polar bears
  11 blink frogs
  4 hornets
  6 hippogriffs
  12 spriggans (Lair:5)
  2 vampires
  47 yaks
  A hungry ghost (D:9)
  6 basilisks
  2 wargs (Orc:1)
  Menkaure (D:4)
  2 soldier ants (D:8)
  11 porcupines
  9 water moccasins
  30 orc warriors
  4 sky beasts
  2 ice beasts
  6 black bears (Lair:1)
  3 phantoms
  3 boggarts (Lair:5)
  4 ogres
  4 centaurs
  14 wolves
  13 crocodiles
  13 bullfrogs
  A gnoll sergeant (D:9)
  A water moccasin zombie (D:7)
  6 scorpions
  3 wights (D:9)
  An electric eel (Lair:1)
  3 howler monkeys
  5 crimson imps
  2 quasits (D:10)
  A bullfrog zombie (D:5)
  A centaur zombie (D:5)
  3 jellies
  8 hounds
  17 orc priests
  4 bullfrog skeletons
  28 orc wizards
  5 iguanas
  Ijyb (D:4)
  7 worker ants
  A killer bee zombie (D:7)
  A hound skeleton (D:6)
  Robin (D:4)
  A howler monkey skeleton (D:5)
  2 howler monkey zombies
  9 adders
  8 gnolls
  2 shadow imps (D:5)
  An ooze (D:1)
  2 adder zombies (D:5)
  6 worms
  A dart slug (D:4)
  8 leopard geckos
  57 orcs
  6 bats
  13 giant cockroaches
  19 goblins
  14 hobgoblins
  13 jackals
  6 quokkas
  5 frilled lizards
  A jackal skeleton (D:6)
  A jackal zombie (D:5)
  4 kobolds
  9 rats
564 creatures vanquished.

Vanquished Creatures (others)
  A bush (Lair:5)
  9 fungi
  10 plants
  4 toadstools (D:1)
24 creatures vanquished.

Grand Total: 588 creatures vanquished

Notes
Turn   | Place    | Note
-------+----------+-------------------------------------------
     0 | D:1      | utis the Tengu Venom Mage began the quest for the Orb.
     0 | D:1      | Reached XP level 1. HP: 10/10 MP: 4/4
   289 | D:1      | Reached XP level 2. HP: 15/15 MP: 4/6
   333 | D:1      | Learned a level 2 spell: Poisonous Vapours
   717 | D:1      | Reached skill level 1 in Air Magic
   793 | D:1      | Reached XP level 3. HP: 19/19 MP: 4/7
  1579 | D:2      | Reached XP level 4. HP: 22/24 MP: 5/8
  2121 | D:2      | Learned a level 3 spell: Mephitic Cloud
  2395 | D:2      | Found a blossoming altar of Fedhas.
  2405 | D:2      | Found a glowing silver altar of Zin.
  2405 | D:2      | Found a sparkling altar of Nemelex Xobeh.
  2405 | D:2      | Found a basalt altar of Yredelemnul.
  2409 | D:2      | Found a shimmering altar of Xom.
  2556 | D:3      | Gained mutation: You can fly continuously. [Tengu growth]
  2556 | D:3      | Reached XP level 5. HP: 27/28 MP: 3/9
  3674 | D:4      | Found a bloodstained altar of Trog.
  3676 | D:4      | Found a glowing silver altar of Zin.
  3676 | D:4      | Found a shimmering altar of Xom.
  3678 | D:4      | Found a snail-covered altar of Cheibriados.
  3678 | D:4      | Found a snail-covered altar of Cheibriados.
  3678 | D:4      | Found a radiant altar of Vehumet.
  3935 | D:4      | Noticed Menkaure
  3941 | D:4      | Killed Menkaure
  3941 | D:4      | Reached XP level 6. HP: 18/32 MP: 10/10
  4462 | D:4      | Noticed Ijyb
  4469 | D:4      | Killed Ijyb
  4833 | D:4      | Reached skill level 5 in Poison Magic
  5214 | D:4      | Found an ancient bone altar of Kikubaaqudgha.
  5339 | D:4      | Identified the +0 helmet of Relativism {rF- MR++ Regen+}
  5339 | D:4      | Noticed Robin
  5370 | D:4      | Killed Robin
  5427 | D:5      | Entered Level 5 of the Dungeon
  5434 | D:5      | Reached skill level 5 in Dodging
  5434 | D:5      | Reached XP level 7. HP: 36/36 MP: 4/11
  5448 | D:5      | Reached skill level 1 in Conjurations
  5627 | D:5      | Found a burning altar of Makhleb.
  5667 | D:5      | Reached skill level 5 in Air Magic
  5796 | D:5      | Found a staircase to the Ecumenical Temple.
  6469 | D:5      | Reached XP level 8. HP: 38/41 MP: 12/12
  6924 | D:5      | Found an iron altar of Okawaru.
  7021 | D:5      | Found a shattered altar of Ashenzari.
  7233 | D:6      | Found a glowing golden altar of the Shining One.
  7450 | D:6      | Reached skill level 1 in Fighting
  8088 | D:6      | Found a runed translucent door.
  8364 | D:6      | Noticed sylvain5477's ghost (novice OpAs)
  8423 | D:7      | You are sucked into a shaft and drop 3 floors!
  8423 | D:10     | Entered Level 10 of the Dungeon
  8485 | D:10     | Reached XP level 9. HP: 51/51 MP: 13/13
  8573 | D:10     | Noticed Fannar
  8584 | D:10     | Found Xeilurag's Food Shoppe.
  9093 | D:9      | Noticed a troll
  9123 | D:9      | Killed a troll
  9287 | D:9      | Reached skill level 5 in Fighting
  9369 | D:9      | Noticed a troll
  9392 | D:9      | Killed a troll
  9473 | D:9      | Noticed a troll
  9552 | D:9      | Killed a troll
  9642 | D:9      | Got an ancient mace
  9645 | D:9      | Identified the +4 mace of Thoughtfulness {flame, rElec rC+}
                  | (You found it on level 9 of the Dungeon)
  9736 | D:8      | Noticed Maggie
 10115 | D:7      | Reached skill level 10 in Dodging
 10152 | D:7      | Learned a level 4 spell: Olgreb's Toxic Radiance
 10309 | D:7      | Found a white marble altar of Elyvilon.
 10605 | D:8      | Reached XP level 10. HP: 61/61 MP: 11/14
 10643 | D:8      | Killed Maggie
 10886 | D:8      | Paralysed by a hornet for 2 turns
 10894 | D:8      | Paralysed by a hornet for 3 turns
 11247 | D:8      | Found a shadowy altar of Dithmenos.
 12013 | D:9      | Reached skill level 1 in Evocations
 12551 | D:9      | Found Wumpe's Gadget Shoppe.
 12576 | D:9      | Found a stormy altar of Qazlal.
 12579 | D:9      | Found a glowing golden altar of the Shining One.
 12582 | D:9      | Found a hide-covered altar of Uskayaw.
 12874 | D:10     | Found a staircase to the Lair.
 13285 | D:10     | Reached skill level 5 in Evocations
 13570 | D:11     | Noticed a cyan ugly thing
 13741 | D:10     | Killed a cyan ugly thing
 14004 | D:11     | Reached XP level 11. HP: 67/67 MP: 7/15
 15121 | D:11     | Noticed a manticore
 15130 | D:11     | Killed a manticore
 15899 | D:11     | Noticed a cyclops
 15912 | D:11     | Killed a cyclops
 16348 | D:11     | Found a staircase to the Orcish Mines.
 16497 | Lair:1   | Entered Level 1 of the Lair of Beasts
 16541 | Lair:1   | Learned a level 3 spell: Ignite Poison
 16617 | Lair:1   | Noticed an oklob plant
 16617 | Lair:1   | Noticed an oklob plant
 16617 | Lair:1   | Noticed a four-headed hydra
 16934 | Lair:1   | Killed a four-headed hydra
 17581 | Lair:1   | Noticed an oklob plant
 18116 | Lair:1   | Reached skill level 1 in Maces & Flails
 18116 | Lair:1   | Reached skill level 1 in Shields
 19003 | Lair:1   | Noticed Nergalle
 19072 | Lair:1   | Killed Nergalle
 19072 | Lair:1   | Reached XP level 12. HP: 73/73 MP: 19/19
 19474 | Lair:2   | Noticed an eight-headed hydra
 19674 | Lair:2   | Killed an eight-headed hydra
 19841 | Lair:2   | Reached skill level 5 in Maces & Flails
 20376 | Lair:2   | Found a hole to the Spider Nest.
 20423 | Lair:2   | Reached skill level 1 in Armour
 21991 | Lair:2   | Noticed a five-headed hydra
 22005 | Lair:2   | Killed a five-headed hydra
 22401 | Lair:2   | Got a twitching amber ring
 22407 | Lair:2   | Identified the ring "Kydaarphe" {rF+ rC+} (You found it on
                  | level 2 of the Lair of Beasts)
 22687 | Lair:2   | Reached XP level 13. HP: 63/80 MP: 6/20
 24644 | Lair:3   | Found a staircase to the Shoals.
 25017 | Lair:4   | Got a translucent mace
 25300 | Lair:4   | Identified the cursed +0 mace "With Two Names" {freeze,
                  | Str+5} (You found it on level 4 of the Lair of Beasts)
 27028 | Lair:5   | Noticed Rupert
 27028 | Lair:5   | Paralysed by Rupert for 3 turns
 27031 | Lair:5   | of course
 27036 | Lair:4   | Paralysed by Rupert for 6 turns
 27085 | Lair:5   | Found a dark tunnel.
 27095 | Volcano  | Entered a volcano
 27177 | Volcano  | Reached skill level 10 in Maces & Flails
 28698 | Lair:5   | Reached skill level 10 in Fighting
 28698 | Lair:5   | Reached skill level 10 in Poison Magic
 29196 | Lair:5   | Noticed Sonja
 29215 | Lair:5   | Killed Sonja
 29215 | Lair:5   | Reached XP level 14. HP: 50/88 MP: 7/21
 30022 | Lair:5   | Identified the +8 scimitar of Midnight {holy, +Fly rElec
                  | Dex+8 Stlth+}
 31047 | Lair:6   | Entered Level 6 of the Lair of Beasts
 31138 | Lair:6   | Found a frozen archway.
 31150 | IceCv    | Entered an ice cave
 31162 | IceCv    | Found a transporter.
 31166 | IceCv    | Found a transporter.
 31445 | Lair:4   | Killed Rupert
 31591 | Orc:1    | Entered Level 1 of the Orcish Mines
 32490 | Orc:2    | Entered Level 2 of the Orcish Mines
 33877 | Orc:2    | Noticed an orc warlord
 34580 | Orc:2    | Killed an orc warlord
 34603 | Orc:2    | Found a staircase to the Elven Halls.
 35076 | Orc:1    | facepalm
 35077 | Orc:2    | Demolished by a sun demon

Levels and vault maps discovered:
D:1:      ldierk_walled_garden_2, layout_basic
D:2:      layout_rooms, minitemple
D:3:      layout_loops_ring, minmay_fountain_box, minmay_close_crescents
D:4:      layout_basic, kennysheep_mini, doesnt_xom_only_xom, uniq_ijyb,
          uniq_menkaure, uniq_robin
D:5:      minmay_inner_zag, layout_loops_ring, nicolae_overflow_crystal_walls,
          overflow_temple_1_default, okawaru_gym_becter,
          minmay_temple_entry_ruins, first_ration
D:6:      layout_basic, ebering_ghost_reflecting_pool, basic_altar,
          serial_bayou_pond_c
D:7:      layout_rooms, elyvilon_altar_5, minmay_misc_feat_alley
D:8:      layout_basic, nicolae_overflow_hidden_temple,
          hangedman_pestilent_swarm, uniq_maggie
D:9:      layout_loops_ring, grunt_temple_overflow_diamond, serial_shops, shop
D:10:     layout_gridville, lair_entry_dummy, serial_shops, shop,
          kennysheep_generic_room_6, uniq_fannar
D:11:     layout_basic, david_orc_4
Lair:1:   beast_lair_carwin_large_1, layout_long_grid, grunt_megastairs_5,
          minmay_lair_oklob_chamber, infiniplex_staircase_pool,
          serial_bayou_shore_a, uniq_nergalle
Lair:2:   cheibrodos_lair_river_kwai, layout_regular_city,
          spider_nest_entry_funnel_web
Lair:3:   layout_misc_corridors, shoals_dummy_entry, beast_lair_carwin_5,
          lemuel_fruit_tree
Lair:4:   layout_hall_layers
Lair:5:   kb_forest_paths, layout_gridlike, nicolae_volcano_entry_lava_flow,
          nicolae_quartered_pool_little, uniq_rupert, uniq_sonja
Lair:6:   wormcave, layout_concentric_octagons, slime_altar_1,
          portal_ice_cave_entry_pillars_2, serial_bayou_shore_b, uniq_urug
Orc:1:    layout_caves
Orc:2:    st_orc_mages, layout_diamond_mine, ebering_ghost_rock_garden

Skill      XL: |  1  2  3  4  5  6  7  8  9 10 11 12 13 14 |
---------------+-------------------------------------------+-----
Air Magic      | 1 2 4 5 6 7 |  7.0
Dodging        | 3 4 5 6 8 10 11 12 13 | 13.9
Poison Magic   | 4 5 6 8 10 | 10.0
Conjurations   | 2 4 |  4.0
Fighting       | 3 6 7 8 10 11 | 11.1
Evocations     | 5 6 |  6.5
Spellcasting   | 4 |  4.0
Maces & Flails | 3 8 11 13 | 13.0
Shields        | 2 4 |  4.0
Armour         | 3 |  3.8
Stealth        | |  2.0
Transmutations | |  0.7

Action                   |  1- 3 |  4- 6 |  7- 9 | 10-12 | 13-15 || total
-------------------------+-------+-------+-------+-------+-------++-------
Melee: Whip              |    10 |    19 |       |       |       ||    29
       Kick              |     2 |    21 |   103 |   233 |   248 ||   607
       Peck              |     1 |    15 |    56 |   130 |   164 ||   366
       Dagger            |       |   100 |   354 |   481 |    13 ||   948
       Mace              |       |       |       |   160 |       ||   160
       Morningstar       |       |       |       |    67 |   830 ||   897
 Fire: Hunting sling     |     8 |     8 |       |       |       ||    16
Throw: Stone             |     2 |    18 |     7 |     8 |     3 ||    38
       Javelin           |       |       |       |     2 |       ||     2
 Cast: Sting             |    19 |    21 |    39 |    45 |    19 ||   143
       Poisonous Vapours |    26 |    27 |    57 |    92 |    77 ||   279
       Mephitic Cloud    |       |       |       |     3 |    26 ||    29
       Olgreb's Toxic Ra |       |       |       |    19 |    70 ||    89
 Abil: Fly               |       |     1 |       |       |       ||     1
Evoke: Wand              |       |       |       |    40 |    11 ||    51
  Use: Scroll            |       |     5 |     6 |    11 |    11 ||    33
       Potion            |       |     1 |       |     4 |     3 ||     8
 Stab: Sleeping          |       |     2 |       |     1 |     2 ||     5
       Paralysed         |       |       |       |     7 |     7 ||    14
       Confused          |       |       |       |     3 |    18 ||    21
  Eat: Chunk             |     4 |    14 |    21 |    35 |    44 ||   118
       Ration            |       |       |       |     4 |     4 ||     8
Armor: Robe              |     3 |    13 |       |       |       ||    16
       Ring mail         |       |     2 |    93 |     1 |       ||    96
       Swamp dragon scal |       |       |       |   162 |   156 ||   318
Dodge: Dodged            |    14 |    73 |   286 |   794 |   825 ||  1992
Block: Buckler           |       |       |       |    67 |   237 ||   304

Table legend:
 A = Non-vault XP
 B = Vault XP
 C = Vault XP percentage of total XP
 D = Non-vault monster count
 E = Vault monster count
 F = Vault count percentage of total count
                 A         B        C        D         E       F
            +---------+---------+-------+---------+---------+-------
      Total |   49485 |   28239 |  36.3 |     430 |     134 |  23.8
            +---------+---------+-------+---------+---------+-------
        D:1 |      59 |       0 |   0.0 |      28 |       0 |   0.0
        D:2 |      92 |       0 |   0.0 |      28 |       0 |   0.0
        D:3 |      51 |      21 |  29.2 |      19 |       5 |  20.8
        D:4 |     144 |     236 |  62.1 |      13 |      14 |  51.9
        D:5 |     745 |     184 |  19.8 |      22 |       5 |  18.5
        D:6 |     653 |       0 |   0.0 |      20 |       0 |   0.0
        D:7 |     635 |       0 |   0.0 |      16 |       0 |   0.0
        D:8 |     691 |     967 |  58.3 |      14 |       5 |  26.3
        D:9 |    2612 |       0 |   0.0 |      38 |       0 |   0.0
       D:10 |    1794 |     265 |  12.9 |      19 |       2 |   9.5
       D:11 |    4747 |     661 |  12.2 |      24 |      16 |  40.0
     Lair:1 |    1820 |    3808 |  67.7 |       9 |      13 |  59.1
     Lair:2 |   10192 |    3513 |  25.6 |      41 |       9 |  18.0
     Lair:3 |    4732 |     878 |  15.7 |      24 |       6 |  20.0
     Lair:4 |    6486 |    2971 |  31.4 |      26 |       1 |   3.7
     Lair:5 |    5396 |    5613 |  51.0 |      29 |      22 |  43.1
     Lair:6 |     422 |       0 |   0.0 |       2 |       0 |   0.0
      Orc:1 |    4810 |     312 |   6.1 |      35 |       3 |   7.9
      Orc:2 |    3404 |    2805 |  45.2 |      23 |      25 |  52.1
    Volcano |       0 |    6005 | 100.0 |       0 |       8 | 100.0
            +---------+---------+-------+---------+---------+-------
